 Dungeon Crawl Stone Soup version 0.22.1-1-ga44c0e56f4 (webtiles) character file.

580 Kape1 the Grave Robber (level 7, 0/36 HPs)
             Began as a Deep Elf Necromancer on Sept 22, 2018.
             Was a Follower of Yredelemnul.
             Slain by a sky beast (2 damage)
             ... on level 5 of the Dungeon.
             The game lasted 00:29:29 (5331 turns).

Kape1 the Grave Robber (Deep Elf Necromancer)       Turns: 5331, Time: 00:29:30

Health: 0/36       AC:  4    Str:  5    XL:     7   Next: 13%
Magic:  0/18       EV: 15    Int: 22    God:    Yredelemnul [*.....]
Gold:   295        SH:  0    Dex: 15    Spells: 7/19 levels left

rFire    . . .     SeeInvis .   e - +0 dagger
rCold    . . .     Gourm    .   (no shield)
rNeg     . . .     Faith    .   a - +0 robe
rPois    .         Spirit   .   (no helmet)
rElec    .         Reflect  .   j - +0 cloak
rCorr    .         Harm     .   m - +0 pair of gloves
MR       .....                  (no boots)
Stlth    ++........             (no amulet)
HPRegen  0.12/turn              (no ring)
MPRegen  0.16/turn              (no ring)

@: no status effects
A: no striking features
a: Animate Remains, Renounce Religion


You were on level 5 of the Dungeon.
You worshipped Yredelemnul.
Yredelemnul was aware of your devotion.
You were not hungry.

You visited 1 branch of the dungeon, and saw 5 of its levels.

You collected 295 gold pieces.

Inventory:

Hand Weapons
 e - a +0 dagger (weapon)
 i - a +0 dagger
 o - a +0 hand axe
Armour
 a - a +0 robe (worn)
 f - a +0 naga barding
 j - a +0 cloak (worn)
 m - a +0 pair of gloves (worn)
 n - a +0 robe
 w - a +0 pair of gloves
Wands
 s - a wand of random effects (32)
Scrolls
 d - a scroll of remove curse
 k - a scroll of noise {unknown}
 l - a scroll of blinking {unknown}
 q - a scroll of amnesia {unknown}
 r - a scroll of teleportation
 t - a scroll of fear {unknown}
 u - 2 scrolls of identify {unknown}
 v - a scroll of silence {unknown}
 x - a scroll of immolation {unknown}
Potions
 b - a potion of flight {unknown}
 g - 2 potions of haste
 h - a potion of cancellation {unknown}
 p - a potion of ambrosia {unknown}
Comestibles
 c - 2 rations


   Skills:
 + Level 5.7 Dodging
 - Level 2.4 Stealth
 + Level 6.5 Spellcasting
 + Level 7.1 Necromancy


You had 7 spell levels left.
You knew the following spells:

 Your Spells              Type           Power        Failure   Level  Hunger
a - Pain                  Necr           ####         1%          1    None
b - Animate Skeleton      Necr           N/A          1%          1    None
c - Vampiric Draining     Necr           #####.....   1%          3    #......
d - Animate Dead          Necr           N/A          4%          4    ###....
e - Regeneration          Chrm/Necr      ###.......   6%          3    #......

Your spell library contained the following spells:

 Spells                   Type           Power        Failure   Level  Hunger


Dungeon Overview and Level Annotations

Branches:
Dungeon (5/15)             Temple (0/1) D:4

Altars:
Ashenzari
Elyvilon
Fedhas
Gozag
Okawaru
Sif Muna
Yredelemnul
Zin

Shops:
D:2 *

Annotations:
D:3 Grinder


Message History

Confirm with . or Enter, or press ? or * to list all spells.
Aiming: Pain (safe; 1% risk of failure)
Press: ? - help, Shift-Dir - straight line, f/p - orc wizard
Aim: an orc wizard, wielding a dagger of protection and wearing a glowing robe The orc wizard writhes in agony!
The gnoll misses you.
Your ogre zombie closely misses something.
The orc wizard casts a spell.
The orc wizard flickers and vanishes!
Casting: Pain (safe; 1% risk of failure)
Confirm with . or Enter, or press ? or * to list all spells.
Aiming: Pain (safe; 1% risk of failure)
Press: ? - help, Shift-Dir - straight line, f - gnoll
Aim: a gnoll (chance to defeat MR: 89%)
The gnoll writhes in agony!
The gnoll hits you.
* * * LOW HITPOINT WARNING * * *
Something hits you.
* * * LOW HITPOINT WARNING * * *
Something hits you.
You die...
Your body rises from the dead as a mindless zombie.

... ... ##....#
#'# ##.....## ...
#.#######.....#.#
..#
#......#.....##..
..#
##...##...)...###.
#.....######### #.
##Z...♣# ######.
#.{g..♣.# #.......
#.@....♣ ........
..........._♣
########
............♣
#..........♣♣
##..........#
##.........#
###......##
##....##


You could see a gnoll and a friendly ogre zombie.

Vanquished Creatures
  2 ogres
  A hound (D:4)
  An orc priest (D:5)
  An orc wizard (D:5)
  Jessica (D:3)
  A bullfrog skeleton (D:4)
  Ijyb (D:3)
  A worker ant (D:4)
  Natasha (thrice) (D:3)
  6 adders
  3 worms
  2 dart slugs
  2 leopard geckos
  7 orcs
  7 giant cockroaches
  10 goblins
  9 hobgoblins
  12 jackals
  3 kobolds
  A quokka (D:2)
  A ball python (D:5)
  7 bats
  3 frilled lizards
  A jackal skeleton (D:4)
  7 rats
93 creatures vanquished.

Vanquished Creatures (collateral kills)
  A worm (D:3)
  A goblin (D:3)
  A hobgoblin (D:3)
  A frilled lizard (D:3)
  A spectral orc (D:3)
5 creatures vanquished.

Grand Total: 98 creatures vanquished

Notes
Turn   | Place    | Note
-------+----------+-------------------------------------------
     0 | D:1      | Kape1 the Deep Elf Necromancer began the quest for the Orb.
     0 | D:1      | Reached XP level 1. HP: 10/10 MP: 6/6
    26 | D:1      | Learned a level 1 spell: Animate Skeleton
   176 | D:1      | Reached skill level 5 in Necromancy
   244 | D:1      | Reached XP level 2. HP: 10/15 MP: 6/8
   989 | D:2      | Reached XP level 3. HP: 14/19 MP: 2/10
  1091 | D:2      | Learned a level 3 spell: Vampiric Draining
  1255 | D:2      | Found an opulent altar of Gozag.
  1258 | D:2      | Found Gozag's Platinum Reserve.
  1491 | D:2      | Reached XP level 4. HP: 19/24 MP: 0/12
  1806 | D:2      | Learned a level 4 spell: Animate Dead
  2158 | D:2      | Found an iron altar of Okawaru.
  2331 | D:3      | Noticed Natasha
  2336 | D:3      | Killed Natasha
  2490 | D:3      | Found a shattered altar of Ashenzari.
  2535 | D:3      | Found a basalt altar of Yredelemnul.
  2549 | D:3      | Became a worshipper of Yredelemnul the Dark
  2580 | D:3      | Found a blossoming altar of Fedhas.
  2612 | D:3      | Noticed Grinder
  2636 | D:3      | Paralysed by Grinder for 5 turns
  2875 | D:3      | Noticed Natasha
  2880 | D:3      | Killed Natasha
  2880 | D:3      | Reached XP level 5. HP: 20/28 MP: 3/14
  2885 | D:3      | Learned a level 3 spell: Regeneration
  3024 | D:3      | Noticed Natasha
  3026 | D:3      | Killed Natasha
  3026 | D:3      | Reached skill level 5 in Spellcasting
  3026 | D:3      | Reached skill level 6 in Necromancy
  3186 | D:3      | Noticed Jessica
  3189 | D:3      | Killed Jessica
  3596 | D:3      | Paralysed by Grinder for 7 turns
  3692 | D:4      | Noticed Ijyb
  3751 | D:3      | Killed Ijyb
  3839 | D:4      | Found a deep blue altar of Sif Muna.
  3914 | D:4      | Noticed an ogre
  3921 | D:4      | Killed an ogre
  3921 | D:4      | Reached skill level 5 in Dodging
  3921 | D:4      | Reached XP level 6. HP: 29/32 MP: 3/16
  4052 | D:4      | Reached * piety under Yredelemnul
  4502 | D:4      | Found a staircase to the Ecumenical Temple.
  4840 | D:5      | Entered Level 5 of the Dungeon
  4964 | D:5      | Reached skill level 7 in Necromancy
  5132 | D:5      | Found a white marble altar of Elyvilon.
  5291 | D:5      | Reached XP level 7. HP: 35/36 MP: 5/18
  5312 | D:5      | Found a glowing silver altar of Zin.
  5331 | D:5      | Slain by a sky beast

Skill      XL: |  1  2  3  4  5  6 |
---------------+-------------------+-----
Necromancy     | 5 6 7 |  7.1
Dodging        | 3 4 5 |  5.7
Spellcasting   | 4 5 6 |  6.5
Stealth        | |  2.4

Action                   |  1- 3 |  4- 6 |  7- 9 || total
-------------------------+-------+-------+-------++-------
Melee: Dagger            |       |    29 |       ||    29
 Cast: Pain              |    62 |   109 |     8 ||   179
       Vampiric Draining |     3 |    19 |       ||    22
       Animate Skeleton  |     1 |     2 |       ||     3
       Animate Dead      |       |    10 |     1 ||    11
       Regeneration      |       |     3 |       ||     3
  Use: Scroll            |     1 |     1 |       ||     2
  Eat: Chunk             |     2 |     3 |       ||     5
       Ration            |       |     4 |       ||     4
Armor: Robe              |     2 |    22 |     2 ||    26
Dodge: Dodged            |    11 |    66 |     3 ||    80
